[Event "*** Titled Tuesday Blitz"]
[Site "Chess.com"]
[Date "2021.02.02"]
[Round "8"]
[White "andrewtnb"]
[Black "SanchezKelvin"]
[Result "0-1"]
[WhiteElo "2294"]
[BlackElo "2466"]
[TimeControl "180+1"]
[EndTime "11:25:23 PST"]
[Termination "SanchezKelvin won by resignation"]

1. d4 Nf6 2. c4 e6 3. Nc3 c5 4.
d5 exd5 5. cxd5 d6 6. e4 g6 7. Qe2 Nbd7 8. Nf3 Bg7 9. e5 dxe5 10.
Nxe5 O-O 11. f4 Nxe5 12. fxe5 Nxd5 13. Ne4 Qe7 14. Bg5 Qxe5 15. O-O-O Bg4 16. Rxd5 Qxd5 17. Qxg4 f5 18. Bc4 Qxc4+ 0-1

[Event "*** Titled Tuesday Blitz"]
[Site "Chess.com"]
[Date "2021.02.02"]
[Round "8"]
[White "canary2016"]
[Black "Sjakkerntobi"]
[Result "1-0"]
[WhiteElo "2035"]
[BlackElo "2289"]
[TimeControl "180+1"]
[EndTime "11:25:38 PST"]
[Termination "canary2016 won by resignation"]

1. d4 e6 2. c4 Nf6 3. Nf3 c5 4. g3 cxd4 5. Nxd4 e5 6. Nf3 Nc6 7. Bg2 e4 8. Nd4 Bc5 9. Nb3 Bb4+ 10. Bd2 e3 11. fxe3 Ng4 12. O-O Qb6 13. Rf4 Nxe3 14. Re4+ 1-0

[Event "*** Titled Tuesday Blitz"]
[Site "Chess.com"]
[Date "2021.02.02"]
[Round "8"]
[White "EfrenRamos1"]
[Black "WonderChampion"]
[Result "1-0"]
[WhiteElo "2257"]
[BlackElo "2059"]
[TimeControl "180+1"]
[EndTime "11:25:42 PST"]
[Termination "EfrenRamos1 won by resignation"]

1. e4 c5 2. Nc3 g6 3. d4 cxd4 4. Qxd4 Nf6 5. Be3 Nc6 6. Qd2 Bg7 7. f3 O-O 8. O-O-O d6 9. h4 Be6 10. g4 a5 11. h5 a4 12. hxg6 fxg6 13. Bh6 a3 14. b3 Qa5 15. Nge2 Rfc8 16. Bxg7 Kxg7 17. Qh6+ Kg8 18. g5 Nh5 19. Rxh5 gxh5 20. g6 hxg6 21. Qxg6+ Kh8 22. Qxe6 Qe5 23. Qh6+ Kg8 24. Rd5 Qf6 25. Rg5+ Kf7 26. Qxh5+ Ke6 27. Bh3+ 1-0

[Event "*** Titled Tuesday Blitz"]
[Site "Chess.com"]
[Date "2021.02.02"]
[Round "8"]
[White "northridgehawk"]
[Black "catzapto"]
[Result "1-0"]
[WhiteElo "2320"]
[BlackElo "2119"]
[TimeControl "180+1"]
[EndTime "11:25:56 PST"]
[Termination "northridgehawk won by resignation"]

1. e4 c5 2. Nf3 e6 3. d4 cxd4 4.
Nxd4 Nf6 5. Nc3 Bb4 6. Bd3 d5 7. e5 Nfd7 8. f4 Nc6 9. Be3 Qa5 10. O-O Bxc3 11. bxc3 Qxc3 12. Nb5 Qa5 13. Nd6+ Ke7 14.
Qh5 g6 15. Qh4+ Kf8 16. f5 Ndxe5 17. Bh6+ Kg8 18. Qf6 Nf3+ 1-0

[Event "*** Titled Tuesday Blitz"]
[Site "Chess.com"]
[Date "2021.02.02"]
[Round "8"]
[White "andy_rekt"]
[Black "InitiatingASC"]
[Result "1-0"]
[WhiteElo "2249"]
[BlackElo "2388"]
[TimeControl "180+1"]
[EndTime "11:25:59 PST"]
[Termination "andy_rekt won by resignation"]

1. d4 d5 2. c4 e6 3. Nc3 Nf6 4. Nf3 c6 5. Bf4 Be7 6. e3 O-O 7. c5 b6 8. b4 a5 9. a3 Ba6 10. Bxa6 Nxa6 11. Rb1 bxc5 12. bxc5 Nh5 13. O-O Nxf4 14.
exf4 Rb8 15. Qd3 Nc7 16. Ne5 Rxb1 17. Rxb1 Qa8 18. Rb6 Rb8 19. Nxc6 Rxb6 20. Nxe7+ Kf8 21. cxb6 Kxe7 22. bxc7 Qb7 23. Nb5 Qc6 24. g3 1-0

[Event "*** Titled Tuesday Blitz"]
[Site "Chess.com"]
[Date "2021.02.02"]
[Round "8"]
[White "Lady_Nika"]
[Black "OlifantCZ"]
[Result "0-1"]
[WhiteElo "2377"]
[BlackElo "2187"]
[TimeControl "180+1"]
[EndTime "11:26:04 PST"]
[Termination "OlifantCZ won by checkmate"]

1. d4 Nf6 2. e3 g6 3. f4 Bg7 4. Nf3 c5 5. c3 O-O 6. Bd3 Nc6 7. O-O d6 8. Na3 b6 9. Nc2 Bb7 10. b3 Qc7 11. Bb2 e5 12. Be2 exf4 13. exf4 Rae8 14. d5 Nxd5 15. Bc4 Nxf4 16. Ng5 d5 17. Bb5 h6 18. Nf3 a6 19. Bxc6 Bxc6 20. Qd2 Re2 21. Qc1 Rxg2+ 22. Kh1 d4 23. Nce1 Rxh2+ 24. Kg1 Ne2# 0-1

[Event "*** Titled Tuesday Blitz"]
[Site "Chess.com"]
[Date "2021.02.02"]
[Round "8"]
[White "ailime26"]
[Black "kekic76"]
[Result "0-1"]
[WhiteElo "2091"]
[BlackElo "2389"]
[TimeControl "180+1"]
[EndTime "11:26:13 PST"]
[Termination "kekic76 won by resignation"]

1. e4 c5 2. Nf3 e6 3. d4 cxd4 4. Nxd4 a6 5. Nc3 Qc7 6. Be3 b5 7. f3 Bb7 8. g4 Nf6 9. Qd2 d5 10. g5 Nfd7 11. exd5 b4 12. Na4 Bxd5 13. O-O-O Nc6 14.
Nxc6 Qxc6 15. b3 Bxf3 16. Rg1 Bxd1 17. Bg2 Bf3 18. Bxf3 Qxf3 19. Rd1 Qc6 20. Qxd7+ Qxd7 21. Rxd7 Kxd7 22. Nb6+ Kc6 23. Nxa8 Bc5 24. Bxc5 Kxc5 25. Nc7 a5 26. Na6+ Kb6 0-1

[Event "*** Titled Tuesday Blitz"]
[Site "Chess.com"]
[Date "2021.02.02"]
[Round "8"]
[White "fridaywins"]
[Black "carlocapau"]
[Result "0-1"]
[WhiteElo "2154"]
[BlackElo "2331"]
[TimeControl "180+1"]
[EndTime "11:26:21 PST"]
[Termination "carlocapau won by resignation"]

1. e4 c5 2. Nf3 d6 3. d4 cxd4 4. Nxd4 Nf6 5. Nc3 a6 6. f4 Qc7 7. Be3 g6 8. Nf3 Nc6 9. Bd3 Bg7 10. h3 O-O 11. O-O b5 12. a4 b4 13. Nd5 Nxd5 14.
exd5 Na5 15. Rb1 Bb7 16. Qd2 Nc4 17. Bxc4 Qxc4 18. Rfd1 Rac8 19. b3 Qc3 20. Bd4 Bxd4+ 21.
Qxd4 Qxd4+ 22. Rxd4 Rxc2 23. Rxb4 Bxd5 24. Nd4 Rxg2+ 25.
Kf1 0-1

[Event "*** Titled Tuesday Blitz"]
[Site "Chess.com"]
[Date "2021.02.02"]
[Round "8"]
[White "Loy_Konstantin"]
[Black "NateSolon"]
[Result "1-0"]
[WhiteElo "2385"]
[BlackElo "2509"]
[TimeControl "180+1"]
[EndTime "11:26:23 PST"]
[Termination "Loy_Konstantin won by resignation"]

1. e4 c5 2. Nf3 d6 3. d4 cxd4 4. Qxd4 Nc6 5. Bb5 Bd7 6. Bxc6 Bxc6 7. Nc3 Nf6 8. Bg5 e6 9. O-O-O Be7 10. Rhe1 O-O 11. e5 dxe5 12. Qh4 Qa5 13. Nxe5 Rac8 14. Ng4 Nxg4 15. Bxe7 Rfe8 16. Bg5 Qf5 17. f3 Ne5 18. Qf4 Qxf4+ 19. Bxf4 Nc4 20. b3 Nb6 21. Kb2 f6 22.
Be3 Kf7 23. Bxb6 axb6 24. Ne4 Bxe4 25. Rxe4 Red8 26. Red4 Rxd4 27. Rxd4 e5 28. Rd7+ 1-0

[Event "*** Titled Tuesday Blitz"]
[Site "Chess.com"]
[Date "2021.02.02"]
[Round "8"]
[White "kikydu96"]
[Black "Politov_Pavel"]
[Result "1-0"]
[WhiteElo "2586"]
[BlackElo "2421"]
[TimeControl "180+1"]
[EndTime "11:26:28 PST"]
[Termination "kikydu96 won by resignation"]

1. e4 e5 2. Nf3 Nf6 3. Nc3 Nc6 4. d4 Bb4 5. dxe5 Nxe4 6. Bd2 Nxc3 7. bxc3 Bc5 8. Bd3 d5 9. exd6 Qxd6 10. O-O O-O 11. Ng5 h6 12. Ne4 Qe5 13. Nxc5 Qxc5 14. Rb1 a6 15.
Re1 b5 16. Qf3 Ne5 17. Qxa8 c6 18. Qb8 1-0

[Event "*** Titled Tuesday Blitz"]
[Site "Chess.com"]
[Date "2021.02.02"]
[Round "8"]
[White "HanSchut"]
[Black "Manukyan_Artak"]
[Result "1-0"]
[WhiteElo "2283"]
[BlackElo "2409"]
[TimeControl "180+1"]
[EndTime "11:26:31 PST"]
[Termination "HanSchut won by resignation"]

1. e4 c6 2. d4 d5 3. e5 Bf5 4. Nf3 e6 5. Be2 c5 6. Be3 Nc6 7. O-O Qb6 8. Nc3 Qxb2 9. Qe1 c4 10. Rb1 Qxc2 11. Bd1 Qxb1 12. Nxb1 Bxb1 13. Ba4 Bd3 14. Bxc6+ bxc6 15. Qa5 Bxf1 16. Kxf1 Kd7 17. Qa6 Rc8 18.
Bd2 Nh6 19. Ba5 Be7 20. Qb7+ 1-0

[Event "*** Titled Tuesday Blitz"]
[Site "Chess.com"]
[Date "2021.02.02"]
[Round "8"]
[White "ErikBlomqvist"]
[Black "BlueWizzard"]
[Result "1-0"]
[WhiteElo "2504"]
[BlackElo "2738"]
[TimeControl "180+1"]
[EndTime "11:26:40 PST"]
[Termination "ErikBlomqvist won by resignation"]

1. e4 a6 2. d4 d5 3. exd5 Nf6 4. Nf3 Qxd5 5. Be2 g6 6. O-O Bg7 7. c4 Qd8 8. Nc3 O-O 9. Re1 Bf5 10. h3 c5 11. dxc5 Qc7 12. Be3 Nbd7 13. b4 a5 14.
a3 axb4 15. axb4 Rxa1 16. Qxa1 Ne4 17. Bd4 Bxd4 18. Nxd4 Nxf2 19. Kxf2 Bxh3 20. Nd5 Qe5 21. Nf3 1-0

[Event "*** Titled Tuesday Blitz"]
[Site "Chess.com"]
[Date "2021.02.02"]
[Round "8"]
[White "cstevens1"]
[Black "Godzillator"]
[Result "1-0"]
[WhiteElo "2666"]
[BlackElo "2307"]
[TimeControl "180+1"]
[EndTime "11:26:45 PST"]
[Termination "cstevens1 won by resignation"]

1. e4 c6 2. Nf3 d5 3. exd5 cxd5 4. Ne5 a6 5. d4 Nf6 6. Bd3 Nc6 7. Nxc6 bxc6 8. O-O Bg4 9. Qe1 e6 10. Bf4 Bd6 11.
Bxd6 Qxd6 12. Nd2 c5 13. dxc5 Qxc5 14. Nb3 Qb6 15. Qe5 O-O 16. h3 Bh5 17. c4 Bg6 18.
c5 Qb8 19. Qxb8 Rfxb8 20. Bxg6 hxg6 21. Rab1 a5 22. Rfc1 a4 23. Nd4 Ra7 24. Nc6 Rab7 25. Nxb8 Rxb8 26. b4 axb3 27. Rxb3 Rc8 28. c6 Kf8 29. a4 Ke7 30. a5 Kd6 31. a6 Ne8 32. a7 Ra8 33. Rb8 Nc7 34. Rxa8 Nxa8 35. c7 1-0

[Event "*** Titled Tuesday Blitz"]
[Site "Chess.com"]
[Date "2021.02.02"]
[Round "8"]
[White "mjray79"]
[Black "QuintilianoR"]
[Result "0-1"]
[WhiteElo "2517"]
[BlackElo "2709"]
[TimeControl "180+1"]
[EndTime "11:26:46 PST"]
[Termination "QuintilianoR won by checkmate"]

1. d4 Nf6 2. c4 e6 3. g3 d5 4.
Bg2 Be7 5. Nf3 O-O 6. O-O dxc4 7. Qc2 a6 8. a4 c5 9. Qxc4 cxd4 10. Nxd4 e5 11. Nf3 Nc6 12. Nc3 Be6 13. Qh4 h6 14.
Rd1 Qb6 15. Bxh6 gxh6 16. Qxh6 Qxf2+ 17. Kh1 Ng4 18. Qh5 Qe3 19. Nd5 Nf2+ 20. Kg1 Nh3+ 21. Kh1 Qg1+ 22. Rxg1 Nf2# 0-1

[Event "*** Titled Tuesday Blitz"]
[Site "Chess.com"]
[Date "2021.02.02"]
[Round "8"]
[White "ljuks68"]
[Black "louis198"]
[Result "1-0"]
[WhiteElo "2391"]
[BlackElo "2559"]
[TimeControl "180+1"]
[EndTime "11:26:47 PST"]
[Termination "ljuks68 won by resignation"]

1. e4 e6 2. d4 d5 3. Nc3 dxe4 4. Nxe4 Bd7 5. c4 Bc6 6. Nc3 Nf6 7. Nf3 Bb4 8. Qb3 a5 9. a3 a4 10. Qxb4 Na6 11.
Qa5 Bxf3 12. gxf3 Qxd4 13. Be3 Qd8 14. Qb5+ c6 15. Qxb7 O-O 16. Be2 Qa5 17. Qb6 Qf5 18. Qd4 e5 19. Qd3 Qh3 20. Ne4 Nh5 21. Ng5 1-0

[Event "*** Titled Tuesday Blitz"]
[Site "Chess.com"]
[Date "2021.02.02"]
[Round "8"]
[White "Julianos82"]
[Black "NMJeevanK"]
[Result "0-1"]
[WhiteElo "2321"]
[BlackElo "2524"]
[TimeControl "180+1"]
[EndTime "11:26:48 PST"]
[Termination "NMJeevanK won by checkmate"]

1. d4 Nf6 2. Nf3 e6 3. Bg5 d5 4. e3 h6 5. Bh4 c5 6. c3 Nc6 7. Nbd2 cxd4 8. exd4 Be7 9. Bd3 O-O 10. O-O Nd7 11. Bg3 f5 12. Qe2 Nf6 13. Ne5 Ne4 14. f3 Nxg3 15. hxg3 Nxe5 16. Qxe5 Bd6 17. Qe1 e5 18.
dxe5 Bc5+ 19. Kh2 Qg5 20. g4 fxg4 21. Nb3 Qh5+ 22. Kg3 gxf3 23. Rxf3 Rxf3+ 24. gxf3 Qh3+ 25. Kf4 g5# 0-1

[Event "*** Titled Tuesday Blitz"]
[Site "Chess.com"]
[Date "2021.02.02"]
[Round "8"]
[White "nikitadovbnya2008"]
[Black "milenapn"]
[Result "0-1"]
[WhiteElo "2130"]
[BlackElo "2059"]
[TimeControl "180+1"]
[EndTime "11:27:01 PST"]
[Termination "milenapn won by checkmate"]

1. Nf3 d5 2. d4 g6 3. c4 Bg7 4. cxd5 Qxd5 5. Nc3 Qa5 6. Bf4 Nc6 7. e3 Bf5 8. Bc4 Qb4 9. Qe2 Na5 10. Bb5+ c6 11.
a3 Qb3 12. Ba4 Qc4 13. Qd1 b5 14. Nd2 Qd3 15. g4 bxa4 16. Qxa4 Bxg4 17. Nd5 Qe2# 0-1

[Event "*** Titled Tuesday Blitz"]
[Site "Chess.com"]
[Date "2021.02.02"]
[Round "8"]
[White "Gerryisplaying"]
[Black "kakakz"]
[Result "1-0"]
[WhiteElo "2322"]
[BlackElo "2442"]
[TimeControl "180+1"]
[EndTime "11:27:03 PST"]
[Termination "Gerryisplaying won by resignation"]

1. d4 d6 2. e4 Nd7 3. Nf3 g6 4. Nc3 Bg7 5. Be3 e5 6. dxe5 Nxe5 7. Nxe5 Bxe5 8. Bc4 Be6 9. Bxe6 fxe6 10. O-O Nf6 11. Qd3 Ng4 12. f4 Nxe3 13. Qxe3 Bg7 14. f5 Qe7 15.
fxe6 Qxe6 16. Nd5 O-O-O 17. Qxa7 Qxe4 18. Qa8+ Kd7 19. Qxb7 1-0

[Event "*** Titled Tuesday Blitz"]
[Site "Chess.com"]
[Date "2021.02.02"]
[Round "8"]
[White "Aygehovit1992"]
[Black "HackingKid98"]
[Result "1-0"]
[WhiteElo "2619"]
[BlackElo "2460"]
[TimeControl "180+1"]
[EndTime "11:27:07 PST"]
[Termination "Aygehovit1992 won by checkmate"]

1. e4 b5 2. Bxb5 Bb7 3. Nc3 e6 4. Nf3 g6 5. d4 Bg7 6. h4 Ne7 7. h5 a6 8. Ba4 Nbc6 9. h6 Bf8 10. d5 Na5 11. Qd4 Rg8 12. Ng5 exd5 13. Nxh7 Nec6 14. Nf6+ Qxf6 15. Qxf6 Be7 16. h7 Bxf6 17.
hxg8=Q+ Ke7 18. Nxd5+ Ke6 19. Nxc7+ Ke5 20. Nxa8 Nc4 21.
Qxf7 Nd6 22. Qd5# 1-0

[Event "*** Titled Tuesday Blitz"]
[Site "Chess.com"]
[Date "2021.02.02"]
[Round "8"]
[White "elohunter1999"]
[Black "ChessFighter1975"]
[Result "1-0"]
[WhiteElo "2670"]
[BlackElo "2440"]
[TimeControl "180+1"]
[EndTime "11:27:09 PST"]
[Termination "elohunter1999 won by resignation"]

1. d4 d6 2. e4 Nf6 3. Nc3 Nbd7 4. Nf3 e5 5. g4 h6 6. Rg1 c6 7. Be3 b5 8. a3 Bb7 9. Qd2 a5 10. dxe5 dxe5 11. Bd3 b4 12. Ne2 c5 13. Ng3 Nxg4 14.
Bb5 Nxe3 15. fxe3 Qc7 16. Nxe5 Bc8 17. O-O-O Ra7 18. Qd5 1-0

[Event "*** Titled Tuesday Blitz"]
[Site "Chess.com"]
[Date "2021.02.02"]
[Round "8"]
[White "SanQui14"]
[Black "Chuchofrio1"]
[Result "1-0"]
[WhiteElo "2430"]
[BlackElo "2274"]
[TimeControl "180+1"]
[EndTime "11:27:11 PST"]
[Termination "SanQui14 won by resignation"]

1. d4 Nf6 2. c4 g6 3. Nc3 Bg7 4. e4 d6 5. Nf3 O-O 6. Be2 e5 7. O-O Nc6 8. d5 Ne7 9. b4 a5 10. Ba3 axb4 11. Bxb4 b6 12. a4 Nd7 13. a5 bxa5 14. Bxa5 Nc5 15. Qc2 Ba6 16. Nd2 f5 17. f3 f4 18. Nb5 Rc8 19. Nb3 Bxb5 20. Nxc5 dxc5 21. cxb5 Qd6 22. Rfc1 g5 23. Qxc5 Qf6 24. Bxc7 Ng6 25. Ra6 Qf7 26. d6 Qd7 27. b6 h5 28.
b7 Rce8 29. Bb5 Qf7 30. Bxe8 Rxe8 31. Ra8 g4 32. Rxe8+ Qxe8 33. b8=Q 1-0

[Event "*** Titled Tuesday Blitz"]
[Site "Chess.com"]
[Date "2021.02.02"]
[Round "8"]
[White "Rsnr"]
[Black "Frolyanov_D"]
[Result "0-1"]
[WhiteElo "2771"]
[BlackElo "2635"]
[TimeControl "180+1"]
[EndTime "11:27:23 PST"]
[Termination "Frolyanov_D won by resignation"]

1. d4 d5 2. c4 e6 3. Nc3 c6 4. e4 dxe4 5. Nxe4 Bb4+ 6. Bd2 Qxd4 7. Bxb4 Qxe4+ 8. Ne2 Na6 9. Bf8 Ne7 10. Bxg7 Rg8 11.
Qd4 Qxd4 12. Bxd4 Nb4 13. Kd2 e5 14. Bxe5 Bf5 15. Kc3 Nd3 16. Bg3 O-O-O 17. Nd4 Nc5 18. Nxf5 Ne4+ 19. Kb4 c5+ 20. Ka3 Nxf5 21. Re1 Nexg3 22.
hxg3 Rg6 23. Rxh7 Nd4 24. b3 Nc2+ 25. Kb2 Nxe1 26. Rxf7 Rd2+ 27. Kc1 Rgd6 28. g4 Rc2+ 0-1

[Event "*** Titled Tuesday Blitz"]
[Site "Chess.com"]
[Date "2021.02.02"]
[Round "8"]
[White "Thjop"]
[Black "Pliukha_Mikhail"]
[Result "1-0"]
[WhiteElo "2677"]
[BlackElo "2484"]
[TimeControl "180+1"]
[EndTime "11:27:26 PST"]
[Termination "Thjop won by resignation"]

1. e4 e5 2. Nf3 Nc6 3. Bc4 Bc5 4. d3 Nf6 5. c3 d6 6. Nbd2 a6 7. Bb3 O-O 8. Nf1 h6 9. Ng3 Ne7 10. Nh4 Kh7 11. h3 Ng6 12. Nhf5 c6 13. Qf3 d5 14. Bd2 dxe4 15. dxe4 Be6 16. O-O-O Bxb3 17. axb3 Qa5 18. Nxh6 Rad8 19. Ng4 Qa2 20. Nxf6+ gxf6 21. Kc2 Ba3 22. Bc1 c5 23. Nf5 c4 24. bxc4 Qxc4 25. bxa3 Qa4+ 26. Kb1 Rxd1 27. Rxd1 Kg8 28. g3 Rc8 29. Bb2 Qb3 30. h4 Rxc3 31. Rd8+ 1-0

[Event "*** Titled Tuesday Blitz"]
[Site "Chess.com"]
[Date "2021.02.02"]
[Round "8"]
[White "ChristopherYoo"]
[Black "Noam_Vitenberg"]
[Result "1-0"]
[WhiteElo "2838"]
[BlackElo "2503"]
[TimeControl "180+1"]
[EndTime "11:27:29 PST"]
[Termination "ChristopherYoo won by checkmate"]

1. d4 d5 2. Nf3 e6 3. c4 Nf6 4. Nc3 c6 5. Qd3 Nbd7 6. g3 b6 7. e4 dxe4 8. Nxe4 Bb4+ 9. Bd2 Bxd2+ 10. Nfxd2 O-O 11. Bg2 Bb7 12. Nd6 Qc7 13. Nxb7 Qxb7 14. O-O Rac8 15. a4 Qc7 16. b4 Rfd8 17. Rfe1 c5 18. bxc5 Nxc5 19. Qc3 Ncd7 20. a5 b5 21.
c5 a6 22. Rac1 Nb8 23. Ne4 Nxe4 24. Rxe4 Nc6 25. Ra1 Rd7 26. Rg4 Rcd8 27. Bxc6 Re7 28. d5 f5 29. d6 Qxc6 30. dxe7 Re8 31. Qxg7# 1-0

[Event "*** Titled Tuesday Blitz"]
[Site "Chess.com"]
[Date "2021.02.02"]
[Round "8"]
[White "Snegokhod"]
[Black "Aslanov_Umid"]
[Result "1-0"]
[WhiteElo "2535"]
[BlackElo "2337"]
[TimeControl "180+1"]
[EndTime "11:27:29 PST"]
[Termination "Snegokhod won by resignation"]

1. e4 c5 2. Nf3 d6 3. d4 cxd4 4.
Qxd4 a6 5. Be3 Nc6 6. Qb6 Qxb6 7. Bxb6 Nf6 8. Nc3 Nd7 9. Nd5 Nxb6 10. Nxb6 Rb8 11.
O-O-O Bg4 12. Be2 Bxf3 13. Bxf3 e5 14. c3 Be7 15. Kc2 Bd8 16. Nc4 Bc7 17. Nxd6+ Bxd6 18. Rxd6 Ke7 19. Rhd1 Rhd8 20. Rxd8 Rxd8 21. Rxd8 Kxd8 22. b4 Ke7 23. a4 Kd6 24. a5 Ne7 25. Be2 Ng6 26.
g3 Ne7 27. Bc4 f6 28. Kd3 g6 29. h4 f5 30. Bf7 Nc6 31. Bd5 Nd8 32. f4 h6 33. Ke3 exf4+ 34. gxf4 Nc6 35. Bxc6 Kxc6 36. c4 Kd6 37. Kd4 Ke6 38. e5 g5 39. fxg5 hxg5 40.
hxg5 f4 41. Ke4 1-0

[Event "*** Titled Tuesday Blitz"]
[Site "Chess.com"]
[Date "2021.02.02"]
[Round "8"]
[White "Fluke180"]
[Black "KruHor"]
[Result "0-1"]
[WhiteElo "2425"]
[BlackElo "2571"]
[TimeControl "180+1"]
[EndTime "11:27:36 PST"]
[Termination "KruHor won by resignation"]

1. d4 Nf6 2. Nc3 g6 3. e4 d6 4. h3 Bg7 5. Be3 O-O 6. Qd2 a6 7. a4 Nc6 8. Nf3 e5 9. d5 Ne7 10. Bh6 c6 11. Bxg7 Kxg7 12. dxc6 Nxc6 13. Rd1 Qb6 14.
b3 Rd8 15. Bc4 Na5 16. Nd5 Nxc4 17. Nxb6 Nxd2 18. Nxd2 Rb8 19. c4 Be6 20. f3 Nd7 21. Nxd7 Rxd7 22. Ke2 b5 23. axb5 axb5 24. Ra1 bxc4 25.
bxc4 Rb2 26. Rhb1 Bxc4+ 27. Ke3 Rxb1 28. Rxb1 Be6 29. Rb5 f5 30. g4 Kf6 31. Ra5 Kg5 32. exf5 gxf5 33. Kf2 d5 34. gxf5 Kxf5 35. Kg3 Rg7+ 36.
Kf2 Rb7 37. Nf1 Kf4 38. Ra4+ d4 39. Ra2 Bxa2 0-1

[Event "*** Titled Tuesday Blitz"]
[Site "Chess.com"]
[Date "2021.02.02"]
[Round "8"]
[White "glebus008"]
[Black "IMRosen"]
[Result "0-1"]
[WhiteElo "2259"]
[BlackElo "2544"]
[TimeControl "180+1"]
[EndTime "11:27:40 PST"]
[Termination "IMRosen won by resignation"]

1. e4 e5 2. Nf3 Nf6 3. Nc3 Bc5 4. Nxe5 Nc6 5. Nd3 Bb6 6. Be2 Qe7 7. O-O Nxe4 8.
Nxe4 Qxe4 9. Bf3 Qh4 10. Re1+ Ne7 11. Qe2 d6 12. g3 Qf6 13. b3 Be6 14. Bb2 Qh6 15.
Bxb7 Rb8 16. Bd5 Nxd5 17. c4 Ne7 18. Nf4 O-O 19. Nxe6 fxe6 20. Qxe6+ Qxe6 21. Rxe6 Rxf2 22. Rxe7 Rxd2+ 23. Kh1 Rxb2 24. Rf1 Rf8 0-1

[Event "*** Titled Tuesday Blitz"]
[Site "Chess.com"]
[Date "2021.02.02"]
[Round "8"]
[White "awesomevishesh"]
[Black "AsaHoffmann"]
[Result "1-0"]
[WhiteElo "2501"]
[BlackElo "2357"]
[TimeControl "180+1"]
[EndTime "11:27:42 PST"]
[Termination "awesomevishesh won by resignation"]

1. e4 d6 2. d4 Nf6 3. Nc3 c6 4. g3 Nbd7 5. Bg2 e5 6. Nge2 Be7 7. O-O b5 8. a3 a6 9. h3 Bb7 10. f4 Qc7 11. Be3 c5 12. dxe5 dxe5 13. Nd5 Nxd5 14. exd5 Bd6 15. Nc3 exf4 16. Bxf4 Bxf4 17.
Rxf4 O-O 18. d6 Qb6 19. Bxb7 Qxb7 20. Nd5 Rad8 21. Qh5 g6 22. Qg5 h6 23. Qxh6 Qxd5 24. Rh4 Qd4+ 25. Rxd4 cxd4 26. Re1 Nf6 27. Qf4 Kg7 28.
Qxd4 Rd7 29. Rf1 1-0

[Event "*** Titled Tuesday Blitz"]
[Site "Chess.com"]
[Date "2021.02.02"]
[Round "8"]
[White "MasterMK73"]
[Black "LileKoridze"]
[Result "0-1"]
[WhiteElo "2218"]
[BlackElo "2378"]
[TimeControl "180+1"]
[EndTime "11:27:42 PST"]
[Termination "LileKoridze won by resignation"]

1. e4 c5 2. c3 Nf6 3. e5 Nd5 4. d4 cxd4 5. cxd4 Nc6 6. Nf3 d6 7. Bc4 Nb6 8. Bb5 d5 9. O-O Bg4 10. Nc3 e6 11. h3 Bh5 12. Be2 Be7 13. Be3 O-O 14. Rc1 Nc4 15. Bxc4 dxc4 16. Ne2 b5 17. b3 Ba3 18. Rc2 Bg6 19. Rd2 Bb4 20. bxc4 Bxd2 21. Nxd2 bxc4 22. Nxc4 Qd5 23. Qa4 Bd3 24. Rc1 Bxe2 25. Nb2 Rfc8 26. Rc2 Bb5 27. Qa3 Nxd4 0-1

[Event "*** Titled Tuesday Blitz"]
[Site "Chess.com"]
[Date "2021.02.02"]
[Round "8"]
[White "Nachsueb"]
[Black "Kostukov_Alex"]
[Result "0-1"]
[WhiteElo "2173"]
[BlackElo "2306"]
[TimeControl "180+1"]
[EndTime "11:27:42 PST"]
[Termination "Kostukov_Alex won by resignation"]

1. d4 g6 2. c4 Bg7 3. Nc3 d6 4. e4 e5 5. Nf3 exd4 6. Nxd4 Nc6 7. Be3 Nge7 8. Be2 O-O 9. O-O f5 10. exf5 Bxd4 11. Bxd4 Nxf5 12. Be3 Nxe3 13. fxe3 Rxf1+ 14.
Qxf1 Be6 15. Nd5 Bxd5 16. cxd5 Ne5 17. Qf4 Qe7 18. Rf1 Rf8 19. Qxf8+ Qxf8 20. Rxf8+ Kxf8 21. Kf2 Ke7 22. Kg3 Kf6 23. Kf4 g5+ 24. Ke4 Kg6 25.
g3 Nd7 26. Kd4 Ne5 27. Ke4 h5 28. b4 g4 29. a4 Nf7 30. Kf4 Kf6 31. Bd3 Ne5 32. Be2 Nd7 33. Bd3 Nb6 34. a5 Nxd5+ 35. Ke4 Nxb4 36. Bb5 c6 37. Ba4 b5 38. axb6 axb6 39. Bd1 c5 40. Be2 d5+ 41. Kf4 c4 42. e4 c3 0-1

[Event "*** Titled Tuesday Blitz"]
[Site "Chess.com"]
[Date "2021.02.02"]
[Round "8"]
[White "AsadliVugar"]
[Black "Yashasd1995"]
[Result "1-0"]
[WhiteElo "2845"]
[BlackElo "2631"]
[TimeControl "180+1"]
[EndTime "11:27:44 PST"]
[Termination "AsadliVugar won by resignation"]

1. e4 d5 2. exd5 Nf6 3. Nc3 Nxd5 4.
Nf3 Nb6 5. d4 g6 6. a4 a5 7. h3 Bg7 8. Bd3 O-O 9. Ne2 Nc6 10.
c3 e5 11. dxe5 Nxe5 12. Nxe5 Bxe5 13. Qc2 Be6 14. O-O Bb3 15. Qxb3 Qxd3 16. Nf4 Qc4 17. Qxc4 Nxc4 18. Nd3 Bd6 19. Re1 Rfe8 20. Bg5 Kg7 21. b3 Ne5 22. Nb2 h6 23. Be3 Kh7 24. Re2 Re6 25.
Rae1 Rae8 26. Kf1 g5 27. Bd4 Nc6 28. Rxe6 Rxe6 29. Rxe6 fxe6 30. Be3 Be5 31. Bd2 Kg6 32. Nc4 Kf5 33. Ke2 Ke4 34. f3+ Kf5 35. Be1 Bd6 36. Bf2 Ne5 37. Ne3+ Kf6 38. Bg3 Nf7 39. Be1 b6 40. Nc4 Bc5 41. Kd3 Ne5+ 42. Nxe5 Kxe5 43. Bg3+ Kd5 44. Bxc7 Kc6 45. Be5 Kd5 46. Bd4 Bxd4 47. cxd4 h5 48. g3 h4 49. gxh4 gxh4 50. f4 1-0

[Event "*** Titled Tuesday Blitz"]
[Site "Chess.com"]
[Date "2021.02.02"]
[Round "8"]
[White "Tsyhanchuk_Stanislav"]
[Black "druskacik"]
[Result "1-0"]
[WhiteElo "2464"]
[BlackElo "2578"]
[TimeControl "180+1"]
[EndTime "11:27:45 PST"]
[Termination "Tsyhanchuk_Stanislav won on time"]

1. e4 c5 2. Nf3 Nc6 3. d4 cxd4 4. Nxd4 g6 5. Nc3 Bg7 6. Be3 Nf6 7. Nxc6 O-O 8.
Nxd8 Rxd8 9. h4 d6 10. f3 a6 11. g4 b5 12. h5 Be6 13. hxg6 hxg6 14. Qd2 Rac8 15. O-O-O b4 16. Nd5 Bxd5 17. exd5 a5 18. Bd4 Rd7 19. g5 Ne8 20. Bxg7 Nxg7 21. Qh2 Nh5 22. Bh3 b3 23. axb3 a4 24. Bxd7 a3 25. Bxc8 a2 26. Kd2 e5 27. dxe6 fxe6 28. Qxd6 Kg7 29.
Qe7+ Kh8 30. Rxh5+ gxh5 31. g6 1-0

[Event "*** Titled Tuesday Blitz"]
[Site "Chess.com"]
[Date "2021.02.02"]
[Round "8"]
[White "A-Fier"]
[Black "swisspower96"]
[Result "0-1"]
[WhiteElo "2836"]
[BlackElo "2671"]
[TimeControl "180+1"]
[EndTime "11:27:46 PST"]
[Termination "swisspower96 won by resignation"]

1. d4 Nf6 2. Bg5 d5 3. Bxf6 gxf6 4. c4 dxc4 5. e3 c5 6. Nc3 cxd4 7. exd4 Nc6 8. Nf3 Bg4 9. Bxc4 Bg7 10. d5 Ne5 11.
Bb5+ Kf8 12. Be2 Bxf3 13. Bxf3 f5 14. O-O a6 15. Qc2 Qd7 16. Be2 h5 17. f4 Ng4 18.
Bxg4 hxg4 19. Rad1 Rc8 20. Qd3 Rh6 21. Rd2 Kg8 22.
Ne2 Rd8 23. Rfd1 Qc8 24. Qb3 Rdd6 25. Ng3 Qc5+ 26. Kh1 Rxh2+ 27. Kxh2 Rh6+ 28. Nh5 Rxh5+ 29. Kg3 Bf6 30. Rd4 Bh4+ 0-1